 Dungeon Crawl Stone Soup version 0.31-a0-426-g3a05650e59 (webtiles) character file.

Game seed: 11829150843878941215

9 Arzdou the Ruffian (level 2, 21/21 HPs)
             Began as a Demonspawn Shapeshifter on July 30, 2023.
             Was a Follower of Kikubaaqudgha.
             Quit the game on level 1 of the Dungeon.
             The game lasted 00:01:21 (300 turns).

Arzdou the Ruffian (Demonspawn Shapeshifter)         Turns: 300, Time: 00:01:22

Health: 21/21      AC:  2    Str: 15    XL:     2   Next: 3%
Magic:  2/2        EV: 12    Int:  9    God:    Kikubaaqudgha [*.....]
Gold:   7          SH:  0    Dex: 13    Spells: 1/1 levels left

rFire   . .          .
                       - Unarmed
rCold   . . .        (no shield)
rNeg    . . .        a - +0 animal skin
rPois   .            (helmet currently unavailable)
rElec   .            (cloak currently unavailable)
rCorr   .            (gloves currently unavailable)
SInv    .            (boots currently unavailable)
Will    .....        (no amulet)
Stlth   +            (no ring)
HPRegen 0.23/turn    (no ring)
MPRegen 0.08/turn

%: no passive effects
@: beast-form
A: beast (slay +1), claws 1
a: Begin Untransformation, Renounce Religion, Unearth Wretches


You were on level 1 of the Dungeon.
You worshipped Kikubaaqudgha.
Kikubaaqudgha was aware of your devotion.
You were a hulking beast.
You visited 1 branch of the dungeon, and saw 1 of its levels.

You collected 7 gold pieces.

Inventory:

Armour
 a - a +0 animal skin (worn)
Jewellery
 f - an amulet of guardian spirit
 h - a ring of ice
Talismans
 c - a beast talisman (active)
Scrolls
 e - a scroll of identify {unknown}
 g - a scroll of amnesia {unknown}
 i - a scroll of poison {unknown}
Potions
 b - a potion of lignification
 d - a potion of haste {unknown}


   Skills:
 - Level 1.0 Fighting
 - Level 1.8 Dodging
 + Level 3.2 Unarmed Combat
 - Level 2.7 Shapeshifting


You had one spell level left.
You didn't know any spells.
Your spell library contained the following spells:

 Spells                   Type           Power      Damage    Failure   Level
 Kiss of Death            Conj/Necr      0%         2d5       38%         1
 Necrotise                Necr           0%         1d4       38%         1
 Sublimation of Blood     Necr           0%         N/A       52%         2
 Animate Dead             Necr           0%         N/A       99%         4


Dungeon Overview and Level Annotations

Branches:
Dungeon (1/15)

Altars:
Kikubaaqudgha


Innate Abilities, Weirdness & Mutations

You are a hulking beast.
Your limbs bulge with bestial killing power. (Slay +1)
You have sharp fingernails.


Message History

No target in view!
No target in view!
No target in view!
No target in view!
No target in view!
No target in view!
No target in view!
e - a scroll labelled NUXOJO BUKK
Found 7 gold pieces.
f - an amulet of guardian spirit
Found a robe.
A bat comes into view.
A bat is nearby!
Found a tubular onyx ring.
The bat closely misses you. The bat barely misses you.
The bat closely misses you. The bat hits you but does no damage.
You punch the bat!
You kill the bat!
You have reached level 2!
Your demonic ancestry asserts itself...
Your fingernails lengthen.
You now have 7 gold pieces.
Found a stone staircase leading down.
g - a scroll labelled NOXOFF ZUIPP
h - a ring of ice
Okay, then.
There is a stone staircase leading down here.
Found a faded altar of an unknown god.
i - a scroll labelled NOANTAU HAJI
There is a faded altar of an unknown god here.
This altar belongs to (a) Okawaru, (b) Jiyva or (c) Kikubaaqudgha, but you can't tell which.
Press the corresponding letter to learn more about a god, or press enter to convert or escape to cancel.
Kikubaaqudgha accepts your prayer! Kikubaaqudgha welcomes you!
You can now bring forth the wretched and dying.
Kikubaaqudgha grants you a gift!
You add the spells Kiss of Death, Necrotise, Sublimation of Blood and Animate Dead to your library.
Unknown command.
Press < or > to pray at altars.
Are you sure you want to abandon this character and quit the game? (Confirm with "yes".)

#.# ### #.# ..#
####.###### #.#
#.>.......# ####.#
#.##..###.# ##.##.#
#.###.#.#.#
####..♣♣.####.###.....#
+......P.......[.......
##♣Ph...###.........#
#♣P..P♣# ##.##.#†.##
#..PP..# #.##.##.#
##....## #.##..#.#
##...# #.###.#.# #.###
#.###.#.## #.#
#.......## #.#
#.......#. #.#
#.###†#..#


There were no monsters in sight!

Vanquished Creatures
  A dart slug (D:1)
  A bat (D:1)
  An endoplasm (D:1)
  A hobgoblin (D:1)
  A ball python (D:1)
  2 rats (D:1)
7 creatures vanquished.

Notes
Turn   | Place    | Note
-------+----------+-------------------------------------------
     0 | D:1      | Arzdou the Demonspawn Shapeshifter began the quest for the
                  | Orb.
     0 | D:1      | Reached XP level 1. HP: 15/15 MP: 1/1
    59 | D:1      | Reached skill level 3 in Unarmed Combat
   260 | D:1      | Gained mutation: You have sharp fingernails. [demonic
                  | ancestry]
   260 | D:1      | Reached XP level 2. HP: 21/21 MP: 2/2
   284 | D:1      | Found a faded altar of an unknown god.
   299 | D:1      | Prayed at the altar of an unknown god.
   299 | D:1      | Became a worshipper of Kikubaaqudgha
   299 | D:1      | Reached * piety under Kikubaaqudgha
   299 | D:1      | Received a gift from Kikubaaqudgha
   300 | D:1      | Quit the game

Illustrated notes

Levels and vault maps discovered:
D:1:      mrwooster_arrival_arrow, layout_loops_corners,
          ebering_ecumenical_altar_petrified, serial_shops, shop_fountains,
          minmay_misc_feat_room

Skill      XL: |  1 |
---------------+----+-----
Unarmed Combat | 3 |  3.2
Fighting       | |  1.0
Dodging        | |  1.8
Shapeshifting  | |  2.7

Action                     || total
---------------------------++-------
  Melee: Unarmed           ||    18
   Stab: Sleeping          ||     1
 Armour: Animal skin       ||     3
  Dodge: Dodged            ||     9

Table legend: (Time is in decaauts)
 A = Elapsed time spent in this place.
 B = Non-inter-level travel time spent in this place.
 C = Inter-level travel time spent in this place.
 D = Time resting spent in this place.
 E = Time spent auto-exploring this place.
 F = Levels seen in this place.
 G = Mean time per level.
                   A        B        C        D        E       F      G
               +--------+--------+--------+--------+--------+-----+--------+
         Total |    299 |    286 |     13 |      0 |    237 |   1 |  299.0 |
       Dungeon |    299 |    286 |     13 |      0 |    237 |   1 |  299.0 |
               +--------+--------+--------+--------+--------+-----+--------+

Top non-repeatable levels by time:
     D:1: 299 daAuts
